 Dungeon Crawl Stone Soup version 0.30.0-13-g156ef70053 (webtiles) character file.

Game seed: 14010511635464137534

9573 unlimited1921 the Thaumaturge (level 11, -6/67 HPs)
             Began as a Djinni Fire Elementalist on May 17, 2023.
             Was a High Priest of Fedhas.
             Shot with a bolt by an orc warrior (20 damage)
             ... led by an orc warlord
             ... on level 2 of the Orcish Mines on May 18, 2023.
             The game lasted 01:25:24 (17537 turns).

unlimited1921 the Thaumaturge (DjFE)               Turns: 17537, Time: 01:25:25

Health: -6/67      AC:  7    Str:  7    XL:     11   Next: 76%
Gold:   888        EV: 11    Int: 24    God:    Fedhas [*****.] SH: 13 Dex: 23

rFire   + + .        L - +0 trident (protect)
rCold   x . .        d - +1 kite shield
rNeg    . . .        t - +0 leather armour
rPois   ∞            (no helmet)
rElec   .            r - +2 cloak {Will+}
rCorr   .            a - +0 pair of gloves of Esat {+Blink Int+3 Dex+3}
SInv    +            (boots unavailable)
Will    ++...        (no amulet)
Stlth   +++          s - ring of see invisible
HPRegen 0.31/turn    J - +6 ring of dexterity
MPRegen 0.00/turn

%: infuse magic (-7 HP)
@: flying
A: sickness immunity, fire resistance 2, cold vulnerability 1, float, innate
caster, HP casting, extra vitality 1
a: Renounce Religion, Evoke Blink, Wall of Briars, Grow Ballistomycete,
Overgrow, Grow Oklob


You were on level 2 of the Orcish Mines.
You worshipped Fedhas.
Fedhas was extremely pleased with you.
You visited 2 branches of the dungeon, and saw 11 of its levels.
You also visited: Bailey.

You collected 1227 gold pieces.
You spent 339 gold pieces at shops.

Inventory:

Hand Weapons
 c - a +1 hand axe of flaming
 m - a +0 hand axe of holy wrath
 q - a +3 quarterstaff of chaos
 L - a +0 trident of protection (weapon)
 M - a +1 short sword of electrocution
 P - a +2 short sword of distortion
 Q - a +0 short sword of chaos
 R - a +4 hand axe
 S - a +0 hand axe of draining
 T - a +0 rapier of venom
Missiles
 j - 5 silver boomerangs
 v - 21 poisoned darts
 N - 22 curare-tipped darts
 O - 2 boomerangs of dispersal
Armour
 a - the +0 pair of gloves of Esat (worn) {+Blink Int+3 Dex+3}
   (You acquired it in a bailey)

   Int:       It affects your intelligence (+3).
   Dex:       It affects your dexterity (+3).
   +Blink:    It lets you blink.
 d - a +1 kite shield (worn)
 n - the +0 robe "Yplep" {rN+ Stlth+}
   (You found it in a bailey)

   rN:        It protects you from negative energy.
   Stlth:     It makes you more stealthy.
 r - a +2 cloak of willpower (worn)
 t - a +0 leather armour (worn)
 A - a +0 ring mail of fire resistance
 I - a scarf of harm
Jewellery
 b - a ring of protection from cold
 g - a ring of willpower
 s - a ring of see invisible (left hand)
 J - a +6 ring of dexterity (right hand)
Wands
 l - a wand of charming (8)
 E - a wand of quicksilver (1) (quivered)
Scrolls
 f - 2 scrolls of fear {unknown}
 i - 6 scrolls of teleportation
 k - 4 scrolls of enchant weapon
 w - a scroll of immolation {unknown}
 y - 3 scrolls of poison {unknown}
 z - 3 scrolls of fog
 B - a scroll of noise {unknown}
 C - a scroll of magic mapping {unknown}
 K - a scroll of blinking
Potions
 e - 4 potions of curing
 h - a potion of flight {unknown}
 o - a potion of might
 p - 3 potions of attraction {unknown}
 u - a potion of ambrosia {unknown}
 x - 3 potions of heal wounds
 D - 3 potions of brilliance
 G - 2 potions of lignification {unknown}
 H - a potion of mutation
Miscellaneous
 F - a condenser vane


   Skills:
 + Level 1.5 Fighting
 + Level 1.0 Polearms
 + Level 2.8 Armour
 + Level 3.3 Dodging
 + Level 4.3 Stealth
 * Level 8.0 Shields
 + Level 11.4 Spellcasting
 + Level 0.5 Evocations


You knew the following spells:

 Your Spells              Type           Power      Damage    Failure   Level
a - Foxfire               Conj/Fire      100%       2x1d9     1%          1
b - Scorch                Fire           100%       2d9       1%          2
c - Volatile Blastmotes   Fire/Tloc      100%       2d18      1%          3
d - Inner Flame           Hex/Fire       62%        N/A       1%          3
e - Flame Wave            Conj/Fire      62%        2d14      2%          4
f - Sandblast             Erth           100%       2d20      1%          1
g - Blink                 Tloc           100%       N/A       1%          2
h - Tukima's Dance        Hex            62%        N/A       1%          3
i - Hailstorm             Conj/Ice       62%        3d13      1%          3
j - Sticky Flame          Conj/Fire      62%        2d8       2%          4
Your spell library was empty.

Dungeon Overview and Level Annotations

Branches:
Dungeon (9/15)             Temple (0/1) D:5            Lair (0/5) D:9
    Orc (2/2) D:9             Elf (0/3) Orc:2        Bailey (visited)

Altars:
Fedhas
Gozag
Makhleb
Wu Jian

Shops:
D:5 *   D:6 (

Annotations:
D:6 edwardauron's ghost, novice DsBe


Innate Abilities, Weirdness & Mutations

You are immune to sickness and miasma.
You are immune to poison.
Your flesh is very heat resistant. (rF++)
You are vulnerable to cold. (rC-)
You float through the air rather than walking.
You learn spells naturally, not from books.
Your magical power is your life essence.
You have superior vitality. (+4 MHP)


Message History

The orc warrior explodes!
The fiery explosion engulfs you! You resist.
You are engulfed in blazing flames.
You resist.
You hear a shout! x2
An orc warrior comes into view. It is wielding a +0 dire flail.
An orc comes into view. It is wielding a +0 short sword.
An orc warrior comes into view. It is wielding a +0 morningstar.
An orc warrior comes into view. It is wielding a +0 war axe.
An orc priest comes into view. It is wielding a +0 club.
The orc priest mumbles some strange prayers to Beogh against you.
You resist with almost no effort.
Casting: Scorch (safe; 1% risk of failure)
Confirm with . or Enter, or press ? or * to list all spells.
Casting: Hailstorm (safe; 1% risk of failure)
Press: ? - help, Dir - look around, f - activate A cannonade of hail descends around you!
The hail pelts the orc warrior!!
The orc warrior is severely wounded.
The hail pelts the orc!
You kill the orc!
Fedhas appreciates your contribution to the ecosystem.
Casting: Hailstorm (safe; 1% risk of failure)
Confirm with . or Enter, or press ? or * to list all spells.
Aiming: Sticky Flame (dangerous; 2% risk of failure)
Press: ? - help, Shift-Dir - straight line, f - orc warrior
Aim: an orc warrior, wielding a +0 dire flail and wearing a +0 plate armour (severely wounded)
The sticky flame hits the orc warrior!
The orc warrior is almost dead.
The orc warrior is covered in liquid flames!
The orc warrior burns!
You kill the orc warrior!
Fedhas appreciates your contribution to the ecosystem.
The orc priest invokes the aid of Beogh against you.
Beogh smites you!
* * * LOW HITPOINT WARNING * * *
The orc warrior unwields a +0 morningstar.
The orc warrior wields a +0 arbalest.
The orc warrior shoots a bolt.
The bolt hits you!!
You die...
Fedhas appreciates your contribution to the ecosystem.

#..........#....##
##.........#......#
#...oo........#..##
##.o.)...........##
##..o............#
##..).#...##...#.## ###
##.....#...###.#### ###.##
#...#..##.###...# #....#
#.....@.### ##.## ....#
##.##...### ### ..### ##
##....## ....### ##.##.....##
....#.## ..........# .......##
##.........## ........#
##......<....## ).......#
#.............#####
<.......###.............##..##


You could see 2 orc warriors, an orc priest and an orc.

Vanquished Creatures
  2 two-headed ogres
  A dancing weapon (D:8)
  2 kobold demonologists
  Prince Ribbit (D:6)
  Grinder (D:6)
  4 wargs
  Menkaure (D:6)
  An acid dragon (D:8)
  Duvessa (D:5)
  20 orc warriors
  4 ice beasts
  2 black bears (D:5)
  A sky beast (D:7)
  5 centaurs
  4 ogres
  Blork the orc (D:6)
  2 bullfrogs
  9 kobold brigands (D:6)
  A gnoll sergeant (D:9)
  4 scorpions
  4 wights (D:7)
  Dowan (D:5)
  A jelly (D:7)
  6 killer bees (D:8)
  6 howler monkeys
  6 electric eels (Bailey)
  A hound (D:7)
  Crazy Yiuf (D:2)
  13 orc priests
  A gnoll bouda (D:6)
  Jessica (D:2)
  3 iguanas
  Natasha (thrice) (D:3)
  12 orc wizards
  3 adders (D:3)
  13 gnolls
  A shadow imp (D:6)
  An ufetubus (D:6)
  2 worms
  3 dart slugs
  60 orcs
  7 bats
  11 endoplasms
  3 giant cockroaches
  20 goblins
  13 hobgoblins
  6 jackals
  5 kobolds
  6 quokkas
  5 ball pythons
  2 frilled lizards
  4 rats
291 creatures vanquished.

Vanquished Creatures (collateral kills)
  An orc warrior (Orc:2)
  A goblin (D:4)
2 creatures vanquished.

Vanquished Creatures (others)
  6 dancing weapons
  3 sleepcaps
  An orc wizard (D:6)
  An orc (D:5)
  677 foxfires
688 creatures vanquished.

Grand Total: 981 creatures vanquished

Notes
Turn   | Place    | Note
-------+----------+-------------------------------------------
     0 | D:1      | unlimited1921 the Djinni Fire Elementalist began the quest
                  | for the Orb.
     0 | D:1      | unlimited1921 set off with the following spells memorised:
                  | Foxfire, Scorch, Volatile Blastmotes, Inner Flame, Flame
                  | Wave.
     0 | D:1      | Reached XP level 1. HP: 15/15 MP: 0/0
   391 | D:1      | Reached XP level 2. HP: 19/21 MP: 0/0
  1316 | D:1      | Reached skill level 3 in Spellcasting
  1316 | D:1      | Reached XP level 3. HP: 22/25 MP: 0/0
  1316 | D:1      | Learned a level 1 spell: Sandblast
  1879 | D:2      | Reached XP level 4. HP: 18/31 MP: 0/0
  2502 | D:2      | Reached XP level 5. HP: 22/35 MP: 0/0
  2502 | D:2      | Learned a level 2 spell: Blink
  2507 | D:2      | Reached skill level 4 in Spellcasting
  3093 | D:2      | Noticed Jessica
  3098 | D:2      | Killed Jessica
  3616 | D:2      | Reached XP level 6. HP: 37/40 MP: 0/0
  3895 | D:2      | Found a runed translucent door.
  3896 | D:2      | Noticed Crazy Yiuf
  3902 | D:2      | Killed Crazy Yiuf
  4138 | D:3      | Noticed Natasha
  4146 | D:3      | Killed Natasha
  4356 | D:3      | Found a blossoming altar of Fedhas.
  4400 | D:3      | Became a worshipper of Fedhas Madash
  4482 | D:3      | Noticed Natasha
  4485 | D:3      | Killed Natasha
  4486 | D:3      | Reached skill level 1 in Shields
  4538 | D:3      | Reached skill level 5 in Spellcasting
  4777 | D:3      | Reached XP level 7. HP: 41/45 MP: 0/0
  4777 | D:3      | Learned a level 3 spell: Tukima's Dance
  5222 | D:3      | Noticed Natasha
  5225 | D:3      | Killed Natasha
  6424 | D:4      | Reached * piety under Fedhas
  6721 | D:5      | Entered Level 5 of the Dungeon
  6731 | D:5      | Noticed Dowan
  6732 | D:5      | Noticed Duvessa
  7078 | D:5      | Found Siur's General Store.
  7086 | D:5      | Bought a scroll of fog for 52 gold pieces
  7086 | D:5      | Bought 2 potions of brilliance for 104 gold pieces
  7086 | D:5      | Bought a scroll of enchant weapon for 97 gold pieces
  7190 | D:5      | Killed Dowan
  7191 | D:5      | Reached XP level 8. HP: 20/51 MP: 0/0
  7263 | D:5      | Reached skill level 6 in Spellcasting
  7385 | D:6      | Noticed Grinder
  7438 | D:5      | Found a staircase to the Ecumenical Temple.
  7445 | D:5      | Killed Duvessa
  7445 | D:5      | HP: 2/51 [spore (8)]
  7446 | D:5      | Reached skill level 1 in Fighting
  8386 | D:6      | Noticed Blork the orc
  8392 | D:6      | Killed Blork the orc
  8581 | D:6      | Noticed Menkaure
  8584 | D:6      | Killed Menkaure
  8585 | D:6      | Reached skill level 7 in Spellcasting
  8648 | D:6      | Found Potar's Weapon Emporium.
  8703 | D:6      | Reached XP level 9. HP: 54/57 MP: 0/0
  8703 | D:6      | Learned a level 3 spell: Hailstorm
  8715 | D:6      | Reached ** piety under Fedhas
  8852 | D:6      | Noticed Prince Ribbit
  8858 | D:6      | Killed Prince Ribbit
  8872 | D:6      | Reached skill level 8 in Spellcasting
  8895 | D:6      | Killed Grinder
  9219 | D:6      | Found a runed translucent gate.
  9220 | D:6      | Found a runed translucent gate.
  9221 | D:6      | Found a runed translucent gate.
  9222 | D:6      | Noticed a kobold demonologist
  9222 | D:6      | Noticed edwardauron's ghost (novice DsBe)
  9519 | D:6      | Reached skill level 5 in Shields
  9603 | D:7      | Found an opulent altar of Gozag.
 10232 | D:6      | Reached XP level 10. HP: 57/62 MP: 0/0
 10255 | D:6      | Noticed a rust devil
 10258 | D:6      | Killed a kobold demonologist
 10259 | D:6      | Reached skill level 9 in Spellcasting
 10966 | D:7      | Found an ornate altar of the Wu Jian Council.
 11218 | D:7      | Noticed a two-headed ogre
 11229 | D:7      | Killed a two-headed ogre
 11757 | D:6      | Bought a +0 trident of protection for 86 gold pieces
 11858 | D:8      | Reached skill level 1 in Armour
 12108 | D:8      | Reached *** piety under Fedhas
 12117 | D:8      | Reached skill level 10 in Spellcasting
 12119 | D:8      | Found a flagged portal.
 12262 | Bailey   | Entered a bailey
 12909 | Bailey   | Reached XP level 11. HP: 61/67 MP: 0/0
 12909 | Bailey   | Learned a level 4 spell: Sticky Flame
 13588 | Bailey   | Found an iron altar of Okawaru.
 13595 | Bailey   | Noticed an orc high priest
 13598 | Bailey   | Noticed a soul eater
 13848 | Bailey   | Reached **** piety under Fedhas
 14190 | Bailey   | Identified the +0 robe "Yplep" {rN+ Stlth+}
 14279 | Bailey   | Acquired the +0 pair of gloves of Esat {+Blink Int+3 Dex+3}
 14421 | D:8      | Killed a +0 short sword
 15335 | D:9      | Found a staircase to the Lair.
 15567 | D:9      | Noticed a two-headed ogre
 15574 | D:9      | Killed a two-headed ogre
 15575 | D:9      | Reached skill level 11 in Spellcasting
 15632 | D:9      | Got the Information on Arcane Combat
 15749 | D:9      | Reached ***** piety under Fedhas
 15944 | D:9      | Found a staircase to the Orcish Mines.
 16129 | Orc:1    | Entered Level 1 of the Orcish Mines
 16129 | Orc:1    | Found a burning altar of Makhleb.
 16581 | Orc:2    | Entered Level 2 of the Orcish Mines
 16609 | Orc:2    | Reached skill level 1 in Polearms
 16901 | Orc:1    | Noticed an orc sorcerer
 17356 | Orc:2    | Found a staircase to the Elven Halls.
 17537 | Orc:2    | Shot with a bolt by an orc warrior

Illustrated notes

Levels and vault maps discovered:
D:1:      scummos_arrival_forest, layout_basic
D:2:      cheibrodos_pilgrimage, layout_basic, uniq_crazy_yiuf_cottage,
          uniq_jessica
D:3:      layout_basic, mainiacjoe_overflow_24_doors, amcnicky_altar_gilded,
          uniq_natasha
D:4:      layout_basic, grunt_ministairs_5, hangedman_feature_mirror,
          roderic_roman_lattice, amcnicky_mini_rare_corridor_liquid,
          due_unseen_surprise
D:5:      layout_basic, minmay_temple_entry_stoned_glass, serial_shops, shop,
          uniq_duvessa
D:6:      layout_basic, gammafunk_ghost_nasty_kobolds, serial_shops,
          nicolae_take_the_stairs, uniq_blork_the_orc, uniq_prince_ribbit1,
          uniq_grinder, uniq_menkaure
D:7:      layout_loops_corners, mainiacjoe_overflow_alcove_2,
          pdpol_wu_jian_five_deadly_venoms
D:8:      layout_cave_pools, enter_bailey_3
D:9:      layout_loops_cross, erik_lair_orcish_takeover, orc_0_dummy
Orc:1:    layout_caves, basic_altar, uniq_urug
Orc:2:    hellmonk_orc_salted, layout_diamond_mine, basic_altar

Skill      XL: |  1  2  3  4  5  6  7  8  9 10 11 |
---------------+----------------------------------+-----
Spellcasting   | 3 4 5 7 8 10 11 | 11.4
Stealth        | 2 3 4 |  4.3
Shields        | 1 2 3 5 6 8 |  8.0
Fighting       | 1 |  1.5
Dodging        | 3 |  3.3
Armour         | 2 |  2.8
Polearms       | 1 |  1.0
Evocations     | |  0.5

Action                     |  1- 3 |  4- 6 |  7- 9 | 10-12 || total
---------------------------+-------+-------+-------+-------++-------
  Melee: Spear             |     3 |    11 |     8 |       ||    22
         Trident           |       |       |       |    13 ||    13
   Cast: Foxfire           |    50 |    60 |   107 |   193 ||   410
         Scorch            |     4 |    25 |    43 |    54 ||   126
         Inner Flame       |     2 |     9 |    26 |    64 ||   101
         Volatile Blastmot |       |     1 |    11 |     5 ||    17
         Tukima's Dance    |       |       |     9 |    12 ||    21
         Blink             |       |       |     9 |       ||     9
         Sandblast         |       |       |     4 |    11 ||    15
         Hailstorm         |       |       |     3 |    17 ||    20
         Flame Wave        |       |       |     1 |     8 ||     9
         Sticky Flame      |       |       |       |     6 ||     6
  Evoke: Wand              |       |       |     3 |     2 ||     5
    Use: Potion            |       |       |     3 |       ||     3
         Scroll            |       |       |     2 |     9 ||    11
   Stab: Distracted        |       |       |       |     1 ||     1
 Armour: Robe              |       |     1 |     6 |       ||     7
         Leather armour    |       |       |       |    11 ||    11
  Dodge: Dodged            |     3 |    12 |    27 |    32 ||    74
  Block: Kite shield       |       |       |     1 |    44 ||    45
